| TOP OF THE 1ST |
|
Caldwell Claws batting - Pitching for Billings Mustangs : LHP Fernando Ticao
|
|
Pitching: LHP Fernando Ticao
|
|
|
Batting: LHB Robert Kraft
|
0-0: Called Strike 0-1: Foul Ball, location: 2F 0-2: Foul Ball, location: 2F 0-2: Fly out, F7 (Flyball, 7LSF)
|
|
Batting: RHB Eric Duckro
|
0-0: Foul Ball, location: 2F 0-1: Ball 1-1: Ball 2-1: Called Strike 2-2: Ball 3-2: Base on Balls
|
|
Batting: LHB Jose Perales
|
0-0: Ball 1-0: Ball 2-0: Called Strike 2-1: Swinging Strike 2-2: Foul Ball, location: 2F 2-2: Foul Ball, location: 2F 2-2: Foul Ball, location: 2F 2-2: Reached on error, E5 (Groundball, 5) Eric Duckro to second
|
|
Batting: LHB Broderick Perkins
|
0-0: Ball Passed Ball! Eric Duckro to third Jose Perales to second 1-0: Swinging Strike 1-1: Fly out, F9 (Line Drive, 9) Runner from 3rd tags up, SCORES, no throw by RF
|
|
Batting: RHB Steve M Davis
|
0-0: Ground out 4-3 (Groundball, 34)
|
| Top of the 1st over - 1 run, 0 hits, 1 error, 1 left on base; Caldwell 1 - Billings 0 |
| BOTTOM OF THE 1ST |
|
Billings Mustangs batting - Pitching for Caldwell Claws : RHP Bertram Francks
|
|
Pitching: RHP Bertram Francks
|
|
|
Batting: LHB Bob Bourne
|
0-0: Ball 1-0: Called Strike 1-1: Swinging Strike 1-2: Strikes out swinging
|
|
Batting: RHB Tony Quintana
|
0-0: Ball 1-0: Swinging Strike 1-1: Fly out, F9 (Flyball, 9)
|
|
Batting: LHB Tom Hester
|
0-0: Ball 1-0: Foul Ball, location: 2F 1-1: Ball 2-1: Foul Ball, location: 2F 2-2: Ball 3-2: SOLO HOME RUN (Flyball, 9D), Distance : 356 ft
|
|
Batting: RHB Mark Hopper
|
0-0: Swinging Strike 0-1: Fly out, F6 (Line Drive, 6)
|
| Bottom of the 1st over - 1 run, 1 hit, 0 errors, 0 left on base; Caldwell 1 - Billings 1 |
| TOP OF THE 2ND |
|
Caldwell Claws batting - Pitching for Billings Mustangs : LHP Fernando Ticao
|
|
Batting: SHB Robert Glass
|
0-0: Swinging Strike 0-1: Ball 1-1: Ball 2-1: Reached on error, E6 (Groundball, 6M)
|
|
Batting: RHB William Bitter
|
0-0: Ball 1-0: Ball 2-0: Called Strike 2-1: Fly out, F8 (Flyball, 89S)
|
|
Batting: LHB Patrick McNally
|
0-0: Swinging Strike 0-1: Ball 1-1: Ball 2-1: Foul Ball, location: 2F 2-2: Foul Ball, location: 2F 2-2: Fly out, F8 (Flyball, 78M)
|
|
Batting: RHB Greg Biagini
|
0-0: Called Strike 0-1: Ball 1-1: Ball 2-1: Fly out, F7 (Flyball, 7S)
|
| Top of the 2nd over - 0 runs, 0 hits, 1 error, 1 left on base; Caldwell 1 - Billings 1 |
| BOTTOM OF THE 2ND |
|
Billings Mustangs batting - Pitching for Caldwell Claws : RHP Bertram Francks
|
|
Batting: LHB Stanley Davis
|
0-0: Called Strike 0-1: Swinging Strike 0-2: Ground out 6-3 (Groundball, 6)
|
|
Batting: LHB Juan Navarrete
|
0-0: Ball 1-0: Ball 2-0: Reached on error, E8 (Flyball, 8LM)
|
|
Batting: RHB Aurin Matos
|
0-0: Ball 1-0: Ball Juan Navarrete is caught stealing 2nd base 2-4 2-0: Foul Ball, location: 2F 2-1: Foul Ball, location: 2F 2-2: Foul Ball, location: 2F 2-2: Ball 3-2: Base on Balls
|
|
Batting: RHB James Murphy
|
0-0: Swinging Strike 0-1: Ball 1-1: Ball 2-1: Ball 3-1: Called Strike 3-2: Fly out, F7 (Flyball, 7)
|
| Bottom of the 2nd over - 0 runs, 0 hits, 1 error, 1 left on base; Caldwell 1 - Billings 1 |
| TOP OF THE 3RD |
|
Caldwell Claws batting - Pitching for Billings Mustangs : LHP Fernando Ticao
|
|
Batting: LHB Robert Kraft
|
0-0: Called Strike 0-1: Ball 1-1: Foul Ball, location: 2F 1-2: Ball 2-2: Ball 3-2: Foul Ball, location: 2F 3-2: Base on Balls
|
|
Batting: RHB Eric Duckro
|
0-0: Ball 1-0: Called Strike 1-1: SINGLE (Line Drive, 4M) Robert Kraft to second
|
|
Batting: LHB Jose Perales
|
0-0: Reached on error, E1 (Groundball, P) Robert Kraft to third Eric Duckro to second
|
|
Batting: LHB Broderick Perkins
|
0-0: Ball 1-0: Foul Ball, location: 2F 1-1: Foul Ball, location: 2F 1-2: Fly out, F8 (Flyball, 8LS) Runner from 3rd tags up, OUT at HOME! 8-2 Eric Duckro to third Jose Perales to second
|
|
Batting: RHB Steve M Davis
|
0-0: Ball 1-0: Ball 2-0: Called Strike 2-1: Swinging Strike 2-2: Fly out, F9 (Flyball, 9S)
|
| Top of the 3rd over - 0 runs, 1 hit, 1 error, 2 left on base; Caldwell 1 - Billings 1 |
| BOTTOM OF THE 3RD |
|
Billings Mustangs batting - Pitching for Caldwell Claws : RHP Bertram Francks
|
|
Batting: RHB Michael Cash
|
0-0: Ball 1-0: Foul Ball, location: 2F 1-1: SINGLE (Groundball, 6D)
|
|
Batting: LHB Bob Bourne
|
0-0: Ball 1-0: Swinging Strike 1-1: Ball 2-1: Called Strike 2-2: Ball 3-2: Base on Balls Michael Cash to second
|
|
Batting: RHB Tony Quintana
|
0-0: Called Strike 0-1: Ball 1-1: SINGLE (Line Drive, 9S) Michael Cash to third Bob Bourne to second Runner from 3rd tries for Home, throw by RF and OUT! 9-2
|
|
Batting: LHB Tom Hester
|
0-0: Called Strike Bob Bourne is caught stealing 3rd base 2-5 Tony Quintana to second 0-1: Ball 1-1: Ball 2-1: Ball 3-1: Base on Balls
|
|
Batting: RHB Mark Hopper
|
0-0: Called Strike 0-1: SINGLE (Line Drive, 8LS) Tony Quintana to third Tom Hester to second Runner from 3rd tries for Home, SAFE, throw by CF to home
|
|
Batting: LHB Stanley Davis
|
0-0: 3-RUN HOME RUN (Flyball, 9D), Distance : 349 ft
|
|
Batting: LHB Juan Navarrete
|
0-0: SINGLE (Groundball, 4) (infield hit)
|
|
Batting: RHB Aurin Matos
|
0-0: Foul Ball, location: 2F 0-1: Ball Juan Navarrete steals 2nd base (no throw) 1-1: Ball 2-1: Foul Ball, location: 2F 2-2: Foul Ball, location: 2F 2-2: Foul Ball, location: 2F 2-2: Ground out U3 (Groundball, 34)
|
| Bottom of the 3rd over - 4 runs, 5 hits, 0 errors, 1 left on base; Caldwell 1 - Billings 5 |
| TOP OF THE 4TH |
|
Caldwell Claws batting - Pitching for Billings Mustangs : LHP Fernando Ticao
|
|
Batting: SHB Robert Glass
|
0-0: Ball 1-0: Ball 2-0: Ball 3-0: Called Strike 3-1: Base on Balls
|
|
Batting: RHB William Bitter
|
0-0: Called Strike 0-1: Called Strike 0-2: Strikes out swinging
|
|
Batting: LHB Patrick McNally
|
0-0: Called Strike 0-1: Fly out, F5 (Popup, 25F)
|
|
Batting: RHB Greg Biagini
|
0-0: Ball Robert Glass is caught stealing 2nd base 2-4
|
| Top of the 4th over - 0 runs, 0 hits, 0 errors, 0 left on base; Caldwell 1 - Billings 5 |
| BOTTOM OF THE 4TH |
|
Billings Mustangs batting - Pitching for Caldwell Claws : RHP Bertram Francks
|
|
Batting: RHB James Murphy
|
0-0: Ball 1-0: Ball 2-0: Ball 3-0: Base on Balls
|
|
Batting: RHB Michael Cash
|
0-0: Called Strike 0-1: Ball 1-1: Fly out, F4 (Popup, 4S)
|
|
Batting: LHB Bob Bourne
|
0-0: SINGLE (Line Drive, 7LS) James Murphy to second
|
|
Batting: RHB Tony Quintana
|
0-0: Ball 1-0: Fielders Choice at 2nd, 6-4 (Groundball, 56) James Murphy to third
|
|
Batting: LHB Tom Hester
|
0-0: Ball 1-0: Ball 2-0: Foul Ball, location: 2F 2-1: 3-RUN HOME RUN (Flyball, 78XD), Distance : 412 ft
|
|
Batting: RHB Mark Hopper
|
0-0: Fly out, F7 (Flyball, 7LS)
|
| Bottom of the 4th over - 3 runs, 2 hits, 0 errors, 0 left on base; Caldwell 1 - Billings 8 |
| TOP OF THE 5TH |
|
Caldwell Claws batting - Pitching for Billings Mustangs : LHP Fernando Ticao
|
|
Batting: RHB Greg Biagini
|
0-0: Ball 1-0: Foul Ball, location: 2F 1-1: Called Strike 1-2: Strikes out looking
|
|
Batting: LHB Robert Kraft
|
0-0: Ball 1-0: Ball 2-0: Called Strike 2-1: Called Strike 2-2: Foul Ball, location: 2F 2-2: Ball 3-2: Foul Ball, location: 2F 3-2: SINGLE (Groundball, 4D)
|
|
Batting: RHB Eric Duckro
|
0-0: Swinging Strike 0-1: Ball 1-1: Fly out, F8 (Line Drive, 8RM)
|
|
Batting: LHB Jose Perales
|
0-0: Called Strike 0-1: Foul Ball, location: 2F 0-2: Strikes out swinging
|
| Top of the 5th over - 0 runs, 1 hit, 0 errors, 1 left on base; Caldwell 1 - Billings 8 |
| BOTTOM OF THE 5TH |
|
Billings Mustangs batting - Pitching for Caldwell Claws : RHP Bertram Francks
|
|
Batting: LHB Stanley Davis
|
0-0: Called Strike 0-1: Swinging Strike 0-2: Ball 1-2: Strikes out swinging
|
|
Batting: LHB Juan Navarrete
|
0-0: Ground out U3 (Groundball, 3)
|
|
Batting: RHB Aurin Matos
|
0-0: Ball 1-0: Ball 2-0: Ball 3-0: Base on Balls
|
|
Batting: RHB James Murphy
|
0-0: Ball 1-0: Fly out, F8 (Flyball, 8RM)
|
| Bottom of the 5th over - 0 runs, 0 hits, 0 errors, 1 left on base; Caldwell 1 - Billings 8 |
| TOP OF THE 6TH |
|
Caldwell Claws batting - Pitching for Billings Mustangs : LHP Fernando Ticao
|
|
Batting: LHB Broderick Perkins
|
0-0: Swinging Strike 0-1: Foul Ball, location: 2F 0-2: Ball 1-2: Ground out 6-3 (Groundball, 6)
|
|
Batting: RHB Steve M Davis
|
0-0: Ball 1-0: Called Strike 1-1: Ball 2-1: Ball 3-1: Foul Ball, location: 2F 3-2: Base on Balls
|
|
Batting: SHB Robert Glass
|
0-0: Foul Ball, location: 2F 0-1: Ball 1-1: Called Strike 1-2: Strikes out swinging
|
|
Batting: RHB William Bitter
|
0-0: Called Strike 0-1: Ball 1-1: Foul Ball, location: 2F 1-2: Foul Ball, location: 2F 1-2: Ball 2-2: Ball 3-2: Ground out 6-3 (Groundball, 6)
|
| Top of the 6th over - 0 runs, 0 hits, 0 errors, 1 left on base; Caldwell 1 - Billings 8 |
| BOTTOM OF THE 6TH |
|
Billings Mustangs batting - Pitching for Caldwell Claws : RHP Bertram Francks
|
|
Batting: RHB Michael Cash
|
0-0: Ball 1-0: Ball 2-0: Called Strike 2-1: Swinging Strike 2-2: Reached via error on a dropped throw from SS, E3 (Groundball, 6M)
|
|
Batting: LHB Bob Bourne
|
0-0: Ball 1-0: Ball 2-0: Ball 3-0: Base on Balls Michael Cash to second
|
|
Batting: RHB Tony Quintana
|
0-0: Fielders Choice at 2nd, 4-6 (Groundball, 4) Michael Cash to third
|
|
Batting: LHB Tom Hester
|
0-0: Ball Tony Quintana steals 2nd base (no throw) 1-0: Ball 2-0: Ball 3-0: Called Strike 3-1: Base on Balls
|
|
Batting: RHB Mark Hopper
|
0-0: Ball 1-0: Called Strike 1-1: Ball 2-1: Fly out, F8 (Flyball, 8LS)
|
|
Batting: LHB Stanley Davis
|
0-0: Foul Ball, location: 2F 0-1: Foul Ball, location: 2F 0-2: Ball 1-2: Ball 2-2: Fly out, F9 (Flyball, 9S)
|
| Bottom of the 6th over - 0 runs, 0 hits, 1 error, 3 left on base; Caldwell 1 - Billings 8 |
| TOP OF THE 7TH |
|
Caldwell Claws batting - Pitching for Billings Mustangs : LHP Fernando Ticao
|
|
Pinch Hitting: LHB Melvin Lord
|
0-0: Fly out, F8 (Flyball, 8RM)
|
|
Batting: RHB Greg Biagini
|
0-0: Swinging Strike 0-1: Swinging Strike 0-2: Strikes out swinging
|
|
Batting: LHB Robert Kraft
|
0-0: Called Strike 0-1: Ball 1-1: Ball 2-1: Ball 3-1: Ground out 5-3 (Groundball, 56)
|
| Top of the 7th over - 0 runs, 0 hits, 0 errors, 0 left on base; Caldwell 1 - Billings 8 |
| BOTTOM OF THE 7TH |
|
Billings Mustangs batting - Pitching for Caldwell Claws : RHP Bertram Francks
|
|
Now at 1B: Melvin Lord
|
|
|
Batting: LHB Juan Navarrete
|
0-0: Called Strike 0-1: Ground out U3 (Groundball, 3L)
|
|
Batting: RHB Aurin Matos
|
0-0: Foul Ball, location: 2F 0-1: Ball 1-1: Ball 2-1: Foul Ball, location: 2F 2-2: Foul Ball, location: 2F 2-2: Foul Ball, location: 2F 2-2: Ball 3-2: Foul Ball, location: 2F 3-2: Fly out, F8 (Flyball, 8RS)
|
|
Batting: RHB James Murphy
|
0-0: SINGLE (Flyball, 7S)
|
|
Batting: RHB Michael Cash
|
0-0: Ball 1-0: Ball 2-0: Ball 3-0: Called Strike 3-1: Base on Balls James Murphy to second
|
|
Pinch Hitting: RHB Lister Lespier
|
0-0: Ball 1-0: Foul Ball, location: 2F 1-1: Ball 2-1: Fly out, F9 (Flyball, 9LS)
|
| Bottom of the 7th over - 0 runs, 1 hit, 0 errors, 2 left on base; Caldwell 1 - Billings 8 |
| TOP OF THE 8TH |
|
Caldwell Claws batting - Pitching for Billings Mustangs : LHP Fernando Ticao
|
|
Now at C: Joseph Russell
|
|
|
Now at 1B: Lister Lespier
|
|
|
Batting: RHB Eric Duckro
|
0-0: Fly out, F8 (Flyball, 8RD)
|
|
Batting: LHB Jose Perales
|
0-0: Ball 1-0: Ball 2-0: Called Strike 2-1: Foul Ball, location: 2F 2-2: Ball 3-2: DOUBLE (Flyball, 89XD)
|
|
Pinch Hitting: LHB Ronald Smith
|
0-0: Called Strike 0-1: Ball 1-1: Foul Ball, location: 2F 1-2: Ground out 3-1 (Groundball, 34) Jose Perales to third
|
|
Batting: RHB Steve M Davis
|
0-0: Called Strike 0-1: Ball 1-1: Fly out, F8 (Flyball, 8RM)
|
| Top of the 8th over - 0 runs, 1 hit, 0 errors, 1 left on base; Caldwell 1 - Billings 8 |
| BOTTOM OF THE 8TH |
|
Billings Mustangs batting - Pitching for Caldwell Claws : RHP Bertram Francks
|
|
Now in LF: Ronald Smith
|
|
|
Batting: RHB Tony Quintana
|
0-0: Called Strike 0-1: Ball 1-1: Called Strike 1-2: Ball 2-2: Ball 3-2: Foul Ball, location: 2F 3-2: Fly out, F4 (Popup, 34S)
|
|
Pinch Hitting: LHB Eugene Quirk
|
0-0: Called Strike 0-1: Foul Ball, location: 2F 0-2: Fly out, F4 (Popup, 23)
|
|
Batting: RHB Mark Hopper
|
0-0: Ball 1-0: Ball 2-0: SINGLE (Flyball, 7LM)
|
|
Batting: LHB Stanley Davis
|
0-0: Ball 1-0: Ball 2-0: SINGLE (Line Drive, 8LS) Mark Hopper to second Runner from 2nd tries for 3rd, SAFE, throw by CF made to third
|
|
Pitching: LHP Rafael Acevedo
|
|
|
Batting: LHB Juan Navarrete
|
0-0: Ball 1-0: Called Strike 1-1: Swinging Strike 1-2: Ground out 4-3 (Groundball, 4)
|
| Bottom of the 8th over - 0 runs, 2 hits, 0 errors, 2 left on base; Caldwell 1 - Billings 8 |
| TOP OF THE 9TH |
|
Caldwell Claws batting - Pitching for Billings Mustangs : LHP Fernando Ticao
|
|
Now in LF: Eugene Quirk
|
|
|
Batting: SHB Robert Glass
|
0-0: Ball 1-0: SINGLE (Flyball, 78S)
|
|
Pitching: RHP Wade Frye
|
|
|
Batting: RHB William Bitter
|
0-0: Ball 1-0: Ball 2-0: Swinging Strike 2-1: Foul Ball, location: 2F 2-2: Foul Ball, location: 2F 2-2: Foul Ball, location: 2F 2-2: Ball 3-2: Fly out, F9 (Line Drive, 9D)
|
|
Batting: LHB Melvin Lord
|
0-0: Called Strike 0-1: Ball 1-1: Fly out, F6 (Line Drive, 6)
|
|
Batting: RHB Greg Biagini
|
0-0: Ball 1-0: Called Strike 1-1: Fielders Choice at 2nd, 6-4 (Groundball, 6)
|
| Top of the 9th over - 0 runs, 1 hit, 0 errors, 1 left on base; Caldwell 1 - Billings 8 |
|